 Dungeon Crawl Stone Soup version 0.23-a0-396-g5214e5f (webtiles) character file.

924 galech the Chopper (level 7, 0/55 HPs)
             Began as a Demonspawn Fighter on Nov 2, 2018.
             Slain by a sky beast (6 damage)
             ... on level 5 of the Dungeon.
             The game lasted 00:07:36 (6212 turns).

galech the Chopper (Demonspawn Fighter)             Turns: 6212, Time: 00:07:38

Health: 0/55       AC: 13    Str: 16      XL:     7   Next: 84%
Magic:  7/7        EV:  4    Int:  9      God:
Gold:   227        SH:  9    Dex: 13 (15) Spells: 6/6 levels left

rFire    + . .     SeeInvis .   a - +0 war axe
rCold    . . .     Gourm    .   c - +0 shield
rNeg     . . .     Faith    .   w - +0 plate armour
rPois    .         Spirit   .   (no helmet)
rElec    .         Reflect  .   (no cloak)
rCorr    .         Harm     .   (no gloves)
MR       +....                  s - +0 pair of boots
Stlth    ..........             (no amulet)
HPRegen  0.18/turn              x - ring of protection from magic
MPRegen  0.10/turn              (no ring)

@: no status effects
A: talons 1, fire resistance 1, powered by death 1, flame cloud immunity, sturdy
frame 1
a: no special abilities


You were on level 5 of the Dungeon.
You were not hungry.

You visited 1 branch of the dungeon, and saw 5 of its levels.

You collected 227 gold pieces.

Inventory:

Hand Weapons
 a - a +0 war axe (weapon)
Armour
 c - a +0 shield (worn)
 s - a +0 pair of boots (worn)
 w - a +0 plate armour (worn)
Jewellery
 x - a ring of protection from magic (left hand)
Scrolls
 e - a scroll of magic mapping {unknown}
 g - 2 scrolls of enchant weapon {unknown}
 h - 6 scrolls of remove curse
 i - 3 scrolls of blinking
 j - 2 scrolls of teleportation {unknown}
 k - 2 scrolls of random uselessness
 n - a scroll of fear
 o - a scroll of immolation
 y - a scroll of identify
 z - a scroll of fog {unknown}
Potions
 b - 2 potions of cancellation
 d - a potion of magic {unknown}
 l - a potion of curing {unknown}
 m - 2 potions of brilliance {unknown}
 p - a potion of resistance {unknown}
 q - 2 potions of ambrosia {unknown}
 t - 2 potions of heal wounds {unknown}
 u - a potion of flight {unknown}
 v - a potion of mutation {unknown}
Comestibles
 f - 8 rations


   Skills:
 + Level 4.4 Fighting
 + Level 5.3 Axes
 + Level 4.8 Armour
 + Level 1.3 Dodging
 + Level 4.5 Shields


You had 6 spell levels left.
You didn't know any spells.
Your spell library was empty.

Dungeon Overview and Level Annotations

Branches:
Dungeon (5/15)
 Temple: D:4-7

Altars:
Makhleb
Uskayaw
Wu Jian
The Shining One


Innate Abilities, Weirdness & Mutations

You have sharp toenails.
Your flesh is heat resistant. (rF+)
You regenerate a little health from kills.
You are immune to clouds of flame.
Your movements are slightly less encumbered by armour. (ER -2)


Message History

You block the sky beast's attack.
Your plate armour prevents you from hitting the sky beast.
The sky beast is severely wounded.
The sky beast barely misses you.
The sky beast hits you but does no damage.
It was a potion of cancellation.
You feel magically purged.
The sky beast hits you but does no damage.
You hit the sky beast but do no damage.
The sky beast is severely wounded.
You block the sky beast's attack.
Your shield and plate armour prevent you from hitting the sky beast.
The sky beast is severely wounded.
The sky beast hits you but does no damage.
You hit the sky beast.
The sky beast is almost dead.
The sky beast hits you but does no damage.
The sky beast hits you.
* * * LOW HITPOINT WARNING * * *
The sky beast shocks you.
You die...

.......#
#..................#
.......#
#..................#
.......+
#..................#
.......#
#......#######.....#
.......# ##+##
#...........#
.......# #....
#...........# #....
#......######
#....##.....##
#...Y@.>.....#
#....##......# #....
######## .......
....... .##....
#.... #....


You could see a sky beast.

Vanquished Creatures
  A phantom (D:4)
  An ogre (D:4)
  3 scorpions (D:4)
  A quasit (D:5)
  A centaur zombie (D:5)
  2 hounds (D:4)
  An orc priest (D:3)
  A gnoll shaman (D:4)
  2 worker ants (D:5)
  A hound zombie (D:5)
  8 gnolls
  12 adders
  An ooze (D:4)
  A worm (D:3)
  5 dart slugs
  6 leopard geckos
  22 orcs
  12 bats
  5 giant cockroaches
  7 goblins
  9 hobgoblins
  14 jackals
  10 kobolds
  A quokka (D:2)
  2 ball pythons (D:1)
  4 frilled lizards
  2 goblin skeletons (D:5)
  3 hobgoblin zombies (D:5)
  2 kobold skeletons (D:5)
  A kobold zombie (D:5)
  A leopard gecko skeleton (D:4)
  2 quokka skeletons
  8 rats
152 creatures vanquished.

Vanquished Creatures (others)
  A fungus (D:4)
1 creature vanquished.

Grand Total: 153 creatures vanquished

Notes
Turn   | Place    | Note
-------+----------+-------------------------------------------
     0 | D:1      | galech the Demonspawn Fighter began the quest for the Orb.
     0 | D:1      | Reached XP level 1. HP: 18/18 MP: 1/1
    97 | D:1      | Gained mutation: Your flesh is heat resistant. (rF+)
                  | [demonic ancestry]
    97 | D:1      | Reached XP level 2. HP: 24/24 MP: 2/2
   100 | D:1      | Reached skill level 2 in Axes
   805 | D:1      | Gained mutation: You regenerate a little health from kills.
                  | [demonic ancestry]
   805 | D:1      | Reached XP level 3. HP: 29/29 MP: 3/3
  1566 | D:2      | Gained mutation: You are immune to clouds of flame.
                  | [demonic ancestry]
  1566 | D:2      | Reached XP level 4. HP: 34/35 MP: 4/4
  2445 | D:3      | Reached skill level 3 in Axes
  2538 | D:3      | Reached skill level 1 in Dodging
  2689 | D:3      | Reached XP level 5. HP: 34/41 MP: 5/5
  3377 | D:3      | Gained mutation: Your movements are slightly less
                  | encumbered by armour. (ER -2) [demonic ancestry]
  3377 | D:3      | Reached XP level 6. HP: 38/48 MP: 6/6
  3655 | D:3      | Reached skill level 4 in Axes
  4380 | D:4      | Gained mutation: You have sharp toenails. [demonic
                  | ancestry]
  4380 | D:4      | Reached XP level 7. HP: 29/54 MP: 7/7
  5022 | D:4      | Reached skill level 5 in Axes
  5463 | D:4      | Found a burning altar of Makhleb.
  5467 | D:4      | Found a hide-covered altar of Uskayaw.
  5472 | D:4      | Found an ornate altar of the Wu Jian Council.
  5897 | D:5      | Entered Level 5 of the Dungeon
  6032 | D:5      | Found a glowing golden altar of the Shining One.
  6212 | D:5      | Slain by a sky beast

Vault maps used:
D:1:      dpeg_arrival_long_road, amethyst_killhole
D:3:      kennysheep_generic_room_14
D:4:      old_forge, minmay_overflow_temple_star_quad, first_ration
D:5:      nicolae_tso_besieged_by_evil

Skill      XL: |  1  2  3  4  5  6  7 |
---------------+----------------------+-----
Axes           | 2 3 4 5 |  5.3
Shields        | 3 4 |  4.5
Armour         | 3 4 |  4.8
Dodging        | 1 |  1.3
Fighting       | 4 |  4.4

Action                   |  1- 3 |  4- 6 |  7- 9 || total
-------------------------+-------+-------+-------++-------
Melee: War axe           |   120 |   296 |   191 ||   607
  Use: Scroll            |       |     5 |       ||     5
       Potion            |       |       |     2 ||     2
  Eat: Chunk             |     2 |    10 |     6 ||    18
Armor: Scale mail        |    59 |    66 |       ||   125
       Plate armour      |       |   117 |   175 ||   292
Dodge: Dodged            |    44 |    74 |    44 ||   162
Block: Shield            |    74 |   187 |   124 ||   385

Table legend:
 A = Non-vault XP
 B = Vault XP
 C = Vault XP percentage of total XP
 D = Non-vault monster count
 E = Vault monster count
 F = Vault count percentage of total count
                 A         B        C        D         E       F
            +---------+---------+-------+---------+---------+-------
      Total |    1026 |     294 |  22.3 |     132 |      20 |  13.2
            +---------+---------+-------+---------+---------+-------
        D:1 |      48 |       0 |   0.0 |      25 |       0 |   0.0
        D:2 |      73 |       0 |   0.0 |      30 |       0 |   0.0
        D:3 |     252 |       4 |   1.6 |      43 |       2 |   4.4
        D:4 |     501 |     237 |  32.1 |      22 |       9 |  29.0
        D:5 |     152 |      53 |  25.9 |      12 |       9 |  42.9
            +---------+---------+-------+---------+---------+-------
